 Dungeon Crawl Stone Soup version 0.28-a0-674-gdaf460b524 (webtiles) character file.

Game seed: 15081446118449317354

34531 blank1 the Warrior (level 13, -3/132 HPs)
             Began as a Minotaur Fighter on Oct 17, 2021.
             Was the Champion of Okawaru.
             Collided with some lava (11 damage)
             ... caused by a swamp worm
             ... on level 5 of the Lair of Beasts.
             The game lasted 00:35:46 (14749 turns).

blank1 the Warrior (Minotaur Fighter)              Turns: 14749, Time: 00:35:47

Health: -3/132     AC: 25    Str: 29    XL:     13   Next: 42%
Magic:  17/17      EV: 11    Int:  5    God:    Okawaru [******]
Gold:   961        SH:  5    Dex: 13    Spells: 12/12 levels left

rFire   + . .      SeeInvis .   v - +1 morningstar (drain)
rCold   + . .      Faith    +   E - +0 buckler {reflect}
rNeg    . . .      Spirit   .   I - +0 plate armour
rPois   .          Reflect  +   F - +1 hat
rElec   .          Harm     .   G - scarf {rC+ rF+}
rCorr   .          Rampage  .   J - +1 pair of gloves {archery}
Will    .....                   n - +1 pair of boots
Stlth   ..........              w - amulet of faith
HPRegen 0.32/turn               m - +6 ring of strength
MPRegen 0.15/turn               h - +4 ring of protection

@: no status effects
A: horns 2, retaliatory headbutt
a: Renounce Religion, Heroism, Finesse, Duel


You were on level 5 of the Lair of Beasts.
You worshipped Okawaru.
Okawaru was exalted by your worship.
You visited 3 branches of the dungeon, and saw 15 of its levels.

You collected 1080 gold pieces.
You spent 119 gold pieces at shops.

Inventory:

Hand Weapons
 v - a +1 morningstar of draining (weapon)
Missiles
 o - 6 throwing nets (quivered)
Armour
 k - a +1 cloak of poison resistance
 n - a +1 pair of boots (worn)
 E - a +0 buckler of reflection (worn)
 F - a +1 hat (worn)
 G - a scarf of resistance (worn)
 I - a +0 plate armour (worn)
 J - a +1 pair of gloves of archery (worn)
Jewellery
 e - a ring of see invisible
 h - a +4 ring of protection (right hand)
 m - a +6 ring of strength (left hand)
 w - an amulet of faith (around neck)
Wands
 t - a wand of acid (16)
 y - a wand of flame (42)
 A - a wand of paralysis (7)
 B - a wand of digging (9)
 H - a wand of polymorph (13)
Scrolls
 c - 2 scrolls of identify
 g - 3 scrolls of enchant armour
 r - 2 scrolls of blinking
 s - 6 scrolls of teleportation
 u - 2 scrolls of magic mapping
 C - 5 scrolls of enchant weapon
Potions
 a - a potion of magic
 b - 4 potions of curing
 d - 6 potions of might
 f - 4 potions of attraction
 i - 6 potions of brilliance
 j - 2 potions of lignification
 l - 4 potions of heal wounds
 p - a potion of haste
 x - 2 potions of ambrosia
 z - 2 potions of mutation
 D - 2 potions of cancellation


   Skills:
 - Level 17.0 Fighting
 + Level 15.0 Maces & Flails
 + Level 12.0 Armour
 + Level 7.0 Dodging
 + Level 5.0 Shields
 - Level 7.0 Invocations


You had 12 spell levels left.
You didn't know any spells.
Your spell library contained the following spells:

 Spells                   Type           Power      Damage    Failure   Level
 Sting                    Tmut/Pois      0%         1d3       98%         1
 Blink                    Tloc           N/A        N/A       99%         2
 Corpse Rot               Necr/Air       0%         N/A       99%         2
 Poisonous Vapours        Pois/Air       0%         N/A       99%         2
 Conjure Flame            Conj/Fire      0%         6-21      100%        3
 Gell's Gravitas          Tloc           0%         N/A       100%        3
 Ignite Poison            Fire/Tmut/Pois 0%         N/A       100%        3
 Lesser Beckoning         Tloc           0%         N/A       100%        3
 Mephitic Cloud           Conj/Pois/Air  0%         N/A       100%        3
 Teleport Other           Tloc           0%         N/A       100%        3
 Fulminant Prism          Conj/Hex       0%         3d6       100%        4
 Iskenderun's Mystic Bla  Conj/Tloc      0%         2d3       100%        4
 Olgreb's Toxic Radiance  Pois           0%         N/A       100%        4
 Sticky Flame             Conj/Fire      0%         2d3       100%        4
 Freezing Cloud           Conj/Ice/Air   0%         6-21      100%        5
 Lee's Rapid Deconstruct  Erth           0%         3d5*      100%        5
 Manifold Assault         Tloc           0%         N/A       100%        5
 Dispersal                Tloc           0%         N/A       100%        6
 Orb of Destruction       Conj           0%         N/A       100%        7
 Storm Form               Tmut/Air       0%         N/A       100%        7
 Disjunction              Tloc           0%         N/A       100%        8
 Summon Guardian Golem    Hex/Summ       Unusable   N/A       N/A         3
 Spellforged Servitor     Conj/Summ      Unusable   N/A       N/A         7

Dungeon Overview and Level Annotations

Branches:
Dungeon (9/15)             Temple (1/1) D:7            Lair (5/6) D:8
  Swamp (0/4) Lair:3       Spider (0/4) Lair:3
  Slime: Lair:5-6       Orc: D:9-12

Altars:
Ashenzari
Dithmenos
Elyvilon
Hepliaklqana
Makhleb
Nemelex Xobeh
Okawaru
Qazlal
Ru
Sif Muna
Uskayaw
Wu Jian
Yredelemnul
Zin

Shops:
D:3 (   D:5 :

Annotations:
Lair:5 1 transporter


Innate Abilities, Weirdness & Mutations

You have a pair of horns on your head.
You reflexively headbutt those who attack you in melee.


Message History

You are yanked forward by the harpoon shot.
You violently stop moving!
The swamp worm fires a harpoon shot at you.
The harpoon shot hits you but does no damage.
You bludgeon the briar patch!!
You destroy the briar patch!
You are engulfed in dark miasma.
You are poisoned.
You feel very sick.
Unknown command.
You feel very sick.
The swamp worm fires a harpoon shot at you.
The harpoon shot hits you!
* * * LOW HITPOINT WARNING * * *
You are yanked forward by the harpoon shot.
You collide with the briar patch!
You become entangled in the net!
There is a net trap here.
You see here a throwing net.
Unknown command.
Unknown command.
You feel better.
The swamp worm fires a harpoon shot at you.
The harpoon shot hits you!
* * * LOW HITPOINT WARNING * * *
You are yanked forward by the harpoon shot.
You collide with the briar patch!
The swamp worm fires a harpoon shot at you.
The harpoon shot hits you!
* * * LOW HITPOINT WARNING * * *
You are yanked forward by the harpoon shot.
You violently stop moving!
* * * LOW HITPOINT WARNING * * *
You feel much better.
The swamp worm fires a harpoon shot at you.
The harpoon shot misses you.
The swamp worm fires a harpoon shot at you.
The harpoon shot hits you!!
* * * LOW HITPOINT WARNING * * *
You are yanked forward by the harpoon shot.
You violently stop moving!
You die...

#.#............©.......##.###....
##...........#####.....##..#....#
##.P#........#[©"#..........##..#
.............#))[#....###...##...
...........####+####...##....#..#
...........##≈P§P≈w#..##..##.#..P
...........#w§.^P§##...##.##....#
##.#.......###○^P≈♣#..#.....#...P
####.......#w≈P^@###.............
#.#........##≈P^§≈w#..........>..
...........#w≈P^P≈##.............
...........##≈.^P§w#............#
...........###P©P###............#
.............#####...........P...
...............©.......P#.#.###..
.#.##..................##...###..
#####.................###...##...


You could see 6 swamp worms.

Vanquished Creatures
  A dire elephant (Lair:2)
  Harold (D:9)
  7 hydras
  A deep elf pyromancer (D:8)
  4 black mambas
  5 cane toads
  24 elephants
  A gargoyle (D:8)
  Maggie (D:9)
  A rime drake (Lair:1)
  5 komodo dragons
  Psyche (D:9)
  A polar bear (Lair:5)
  A hornet (D:9)
  3 blink frogs (Lair:5)
  The ghost of AttackTheMoon the Conjurer, an amateur OpCj (D:4)
  7 dream sheep (Lair:5)
  Sigmund (D:3)
  A shadow (D:7)
  A wyvern (Lair:5)
  A spriggan (Lair:2)
  36 yaks
  A yak (shapeshifter) (D:9)
  A basilisk (Lair:1)
  A steam dragon (Lair:3)
  4 vampire mosquitoes (Lair:3)
  11 water moccasins
  6 black bears
  2 hornet zombies
  4 orc warriors
  4 ice beasts
  A necrophage (D:5)
  2 centaurs (D:9)
  A phantom (D:5)
  Blork the orc (D:6)
  A kobold brigand (D:8)
  17 bullfrogs
  A gnoll sergeant (D:7)
  8 scorpions
  A wyvern zombie (D:7)
  A water moccasin zombie (D:7)
  A wyvern skeleton (D:6)
  2 killer bees (D:8)
  9 wights
  3 howler monkeys (D:9)
  2 centaur zombies
  A bullfrog skeleton (D:5)
  A centaur skeleton (D:4)
  2 hounds
  A jelly (D:4)
  A gnoll shaman (D:5)
  8 orc priests
  3 iguanas
  6 orc wizards
  2 killer bee zombies (D:7)
  A hound skeleton (D:5)
  A mummy (D:5)
  9 gnolls
  6 adders
  A shadow imp (D:8)
  2 white imps
  An adder skeleton (D:4)
  2 worms (Lair:3)
  5 dart slugs
  23 orcs
  6 ball pythons
  4 endoplasms
  4 giant cockroaches
  6 goblins
  6 hobgoblins
  11 jackals
  A quokka (D:4)
  4 bats
  A frilled lizard (D:1)
  2 hobgoblin zombies (D:5)
  7 kobolds
  A kobold zombie (D:5)
  An orc zombie (D:5)
  2 rats
  A briar patch (Lair:5)
323 creatures vanquished.

Vanquished Creatures (others)
  2 briar patches (Lair:5)
  107 fungi
  90 plants
199 creatures vanquished.

Grand Total: 522 creatures vanquished

Notes
Turn   | Place    | Note
-------+----------+-------------------------------------------
     0 | D:1      | blank1 the Minotaur Fighter began the quest for the Orb.
     0 | D:1      | Reached XP level 1. HP: 19/19 MP: 0/0
   219 | D:1      | Reached XP level 2. HP: 27/27 MP: 1/1
  1024 | D:2      | Reached skill level 4 in Fighting
  1191 | D:2      | Reached XP level 3. HP: 6/33 MP: 2/2
  1472 | D:2      | Found a faded altar of an unknown god.
  1815 | D:3      | Found Ududad's Weapon Shoppe.
  1815 | D:3      | Noticed a bullfrog
  1831 | D:3      | Noticed Sigmund
  1835 | D:3      | Killed a bullfrog
  1836 | D:3      | Reached skill level 1 in Dodging
  1836 | D:3      | Reached XP level 4. HP: 31/40 MP: 3/3
  1841 | D:3      | Killed Sigmund
  1842 | D:3      | Reached skill level 5 in Fighting
  1842 | D:3      | Reached skill level 5 in Maces & Flails
  1842 | D:3      | Reached skill level 5 in Armour
  1842 | D:3      | Reached XP level 5. HP: 39/48 MP: 4/4
  2004 | D:3      | Reached XP level 6. HP: 56/56 MP: 5/5
  2180 | D:3      | Found a shadowy altar of Dithmenos.
  2246 | D:3      | Found a shimmering blue altar of Sif Muna.
  2551 | D:3      | Bought a +0 morningstar of draining for 119 gold pieces
  2672 | D:4      | Found a runed translucent door.
  2672 | D:4      | Noticed AttackTheMoon's ghost (amateur OpCj)
  2746 | D:4      | Reached XP level 7. HP: 38/62 MP: 6/6
  3036 | D:4      | Reached skill level 6 in Fighting
  3204 | D:4      | Killed AttackTheMoon's ghost
  3304 | D:5      | Entered Level 5 of the Dungeon
  3379 | D:5      | Reached skill level 7 in Fighting
  3387 | D:5      | Reached XP level 8. HP: 38/73 MP: 7/7
  3867 | D:5      | Reached skill level 8 in Fighting
  3874 | D:5      | Found Bifeoga's Book Shoppe.
  4162 | D:6      | Noticed Blork the orc
  4505 | D:6      | Killed Blork the orc
  4588 | D:6      | Reached XP level 9. HP: 82/82 MP: 8/8
  4669 | D:6      | Reached skill level 9 in Fighting
  5255 | D:7      | Identified the +1 scale mail of the Immovable Gods {Rampage
                  | rC- Dex+3}
  5407 | D:7      | Found a staircase to the Ecumenical Temple.
  5411 | Temple   | Entered the Ecumenical Temple
  5456 | Temple   | Became a worshipper of Warmaster Okawaru
  5617 | D:7      | Found an ornate altar of the Wu Jian Council.
  5811 | D:8      | Reached skill level 10 in Fighting
  5811 | D:8      | Reached skill level 10 in Maces & Flails
  5833 | D:8      | Noticed a deep elf pyromancer
  5833 | D:8      | Noticed a gargoyle
  5855 | D:7      | Reached skill level 1 in Invocations
  6115 | D:8      | Killed a deep elf pyromancer
  6115 | D:8      | Reached * piety under Okawaru
  6116 | D:8      | Reached skill level 5 in Dodging
  6308 | D:8      | Reached skill level 11 in Fighting
  6320 | D:8      | Killed a gargoyle
  6321 | D:8      | Reached XP level 10. HP: 38/95 MP: 8/11
  6660 | D:8      | Found a staircase to the Lair.
  6675 | D:8      | Reached ** piety under Okawaru
  6992 | D:8      | Found a sparkling altar of Nemelex Xobeh.
  6992 | D:8      | Found a hazy altar of Hepliaklqana.
  7114 | D:8      | Found a basalt altar of Yredelemnul.
  7288 | D:9      | Noticed Harold
  7707 | D:9      | Killed Harold
  7770 | D:9      | Noticed Maggie
  7792 | D:9      | Killed Maggie
  7929 | D:9      | Noticed Psyche
  7937 | D:9      | Killed Psyche
  7937 | D:9      | Reached *** piety under Okawaru
  7938 | D:9      | Reached skill level 5 in Invocations
  8230 | D:9      | Paralysed by a hornet for 1 turns
  8515 | D:9      | Reached **** piety under Okawaru
  8556 | D:9      | Reached skill level 12 in Fighting
  8684 | Lair:1   | Entered Level 1 of the Lair of Beasts
  8721 | Lair:1   | Reached XP level 11. HP: 90/104 MP: 13/13
  8910 | Lair:1   | Noticed a four-headed hydra
  8926 | Lair:1   | Killed a four-headed hydra
  8926 | Lair:1   | Reached ***** piety under Okawaru
  9049 | Lair:1   | Reached skill level 10 in Armour
  9051 | Lair:1   | Received a gift from Okawaru
  9946 | Lair:2   | Reached skill level 13 in Fighting
 10419 | Lair:2   | Reached XP level 12. HP: 112/116 MP: 14/14
 10517 | Lair:2   | Reached skill level 14 in Fighting
 10533 | Lair:2   | Received a gift from Okawaru
 10574 | Lair:2   | Noticed a dire elephant
 10593 | Lair:2   | Killed a dire elephant
 11230 | Lair:2   | Noticed a four-headed hydra
 11234 | Lair:2   | Reached skill level 15 in Fighting
 11234 | Lair:2   | Reached skill level 15 in Maces & Flails
 11244 | Lair:2   | Killed a four-headed hydra
 11390 | Lair:3   | Found a hole to the Spider Nest.
 11529 | Lair:3   | Reached ****** piety under Okawaru
 11552 | Lair:3   | Found a staircase to the Swamp.
 11645 | Lair:3   | Reached skill level 5 in Shields
 12596 | Lair:4   | Received a gift from Okawaru
 12836 | Lair:4   | Reached XP level 13. HP: 127/127 MP: 15/17
 13224 | Lair:5   | Found a transporter.
 13794 | Lair:5   | Reached skill level 16 in Fighting
 14033 | Lair:5   | Received a gift from Okawaru
 14502 | Lair:5   | Found a transporter.
 14564 | Lair:5   | Reached skill level 17 in Fighting
 14748 | Lair:5   | HP: 4/132 [some lava collision (7)]
 14749 | Lair:5   | Collided with some lava

Illustrated notes

Levels and vault maps discovered:
D:1:      ncdulo_watergridlock, layout_basic
D:2:      layout_basic, shapermc_ecumenical_altar_totnotflames
D:3:      layout_loops_ring, mainiacjoe_overflow_catch_the_wave, serial_shops,
          nicolae_shop_statue_plus, minmay_misc_feat_more_columns,
          minmay_three_crescents, uniq_sigmund
D:4:      layout_rooms, hellmonk_ghost_happy_afterlife, minmay_distorted
D:5:      layout_basic, serial_shops,
          nicolae_shop_temple_entry_statues_fountains, minmay_mini_ossuary
D:6:      layout_loops_ring, uniq_blork_the_orc
D:7:      layout_rooms, old_standard_altar, minmay_temple_entry_grid
D:8:      layout_loops_cross, lemuel_round_altar,
          amethyst_overflow_temple_binary, david_lair_shrubbed,
          minmay_chambers_of_fives
D:9:      layout_loops_ring, minmay_microvault, uniq_harold, uniq_psyche,
          uniq_maggie
Temple:   regret_index_temple_sphere_string
Lair:1:   layout_long_grid, minmay_stone_trees_medium
Lair:2:   mu_elephants_graveyard, layout_gridlike
Lair:3:   layout_chaotic_city, minmay_swamp_entry_swarm,
          nicolae_spider_entry_non_spiders, minivault_25, serial_bayou_crossing,
          grunt_megastairs_3, lemuel_fruit_fields
Lair:4:   layout_roguey
Lair:5:   gammafunk_worm_tunnel, layout_regular_city

Skill      XL: |  1  2  3  4  5  6  7  8  9 10 11 12 13 |
---------------+----------------------------------------+-----
Armour         | 4 5 6 7 8 10 11 12 | 12.0
Fighting       | 4 5 7 8 11 12 13 15 17 | 17.0
Shields        | 4 5 |  5.0
Maces & Flails | 3 4 5 7 8 10 12 13 15 | 15.0
Dodging        | 1 2 3 4 5 6 7 |  7.0
Invocations    | 3 5 6 7 |  7.0

Action                   |  1- 3 |  4- 6 |  7- 9 | 10-12 | 13-15 || total
-------------------------+-------+-------+-------+-------+-------++-------
Melee: Flail             |    59 |    59 |       |       |       ||   118
       Headbutt          |     6 |    16 |    52 |   139 |    46 ||   259
       Morningstar       |       |    32 |   237 |   469 |   123 ||   861
Invok: Heroism           |       |       |     1 |     4 |       ||     5
  Use: Potion            |     1 |     1 |       |       |     2 ||     4
       Scroll            |       |     5 |     8 |     6 |     1 ||    20
Armor: Scale mail        |     5 |       |       |       |       ||     5
       Chain mail        |    25 |    55 |   115 |   137 |       ||   332
       Plate armour      |       |       |       |    70 |   104 ||   174
       Ice dragon scales |       |       |       |     1 |       ||     1
Dodge: Dodged            |    16 |    41 |    93 |   179 |    55 ||   384
Block: Buckler           |    14 |    27 |    40 |    92 |    26 ||   199
       Reflection        |       |       |       |       |     2 ||     2

Table legend: (Time is in decaauts)
 A = Elapsed time spent in this place.
 B = Non-inter-level travel time spent in this place.
 C = Inter-level travel time spent in this place.
 D = Time resting spent in this place.
 E = Time spent auto-exploring this place.
 F = Levels seen in this place.
 G = Mean time per level.
                   A        B        C        D        E       F      G
               +--------+--------+--------+--------+--------+-----+--------+
         Total |  14701 |  14228 |    473 |   2181 |   9613 |  15 |  980.1 |
       Dungeon |   8665 |   8367 |    298 |   1191 |   5788 |   9 |  962.8 |
        Temple |     71 |     47 |     24 |      0 |     33 |   1 |   71.0 |
          Lair |   5963 |   5813 |    150 |    990 |   3792 |   5 | 1192.6 |
               +--------+--------+--------+--------+--------+-----+--------+

Top non-repeatable levels by time:
     D:8: 1729 daAuts
  Lair:5: 1513 daAuts
  Lair:2: 1453 daAuts
  Lair:1: 1192 daAuts
     D:3: 1008 daAuts
  Lair:3: 981 daAuts
     D:2: 975 daAuts
     D:9: 973 daAuts
     D:6: 887 daAuts
  Lair:4: 821 daAuts
     D:1: 819 daAuts
     D:7: 809 daAuts
     D:5: 808 daAuts
     D:4: 653 daAuts
  Temple: 71 daAuts
